 Dungeon Crawl Stone Soup version 0.17-a0-1534-gf98da79 (webtiles) character file.

43 Malachi the Skirmisher (level 3, -1/29 HPs)
             Began as a Demonspawn Fighter on July 17, 2015.
             Slain by Terence
             ... wielding a +1 hand axe of electrocution
              (15 damage)
             ... on level 2 of the Dungeon.
             The game lasted 00:00:53 (839 turns).

Malachi the Skirmisher (Demonspawn Fighter)          Turns: 839, Time: 00:00:54

Health: -1/29      AC:  6    Str: 17    XL:     3   Next: 37%
Magic:  3/3        EV:  9    Int:  9    God:
Gold:   41         SH:  0    Dex: 12    Spells: 0 memorised, 2 levels left

rFire  + . .     SeeInvis .     a - +0 war axe
rCold  x . .     Clarity  .     b - +0 scale mail
rNeg   . . .     SustAt   .     (no shield)
rPois  .         Gourm    .     (helmet restricted)
rElec  .         Spirit   .     (no cloak)
rCorr  .         Warding  .     (no gloves)
rMut   .         Stasis   .     (no boots)
MR     .....                    (no amulet)
Stlth  ..........               (no ring)
                                m - ring of fire

@: not resistant to hostile enchantments, extremely unstealthy
A: horns 2
a: no special abilities


You were on level 2 of the Dungeon.
You were not hungry.

You visited 1 branch of the dungeon, and saw 2 of its levels.

You collected 41 gold pieces.

Inventory:

Hand weapons
 a - a +0 war axe (weapon)
Armour
 b - a +0 scale mail (worn)
 c - a +0 shield
Jewellery
 m - a ring of fire (left hand)
 q - an uncursed ring of see invisible {unknown}
Scrolls
 f - a scroll of amnesia {unknown}
 g - a scroll of recharging {unknown}
 h - a scroll of blinking {unknown}
 i - a scroll of magic mapping {unknown}
 n - 3 scrolls of identify {unknown}
 o - a scroll of teleportation {unknown}
 p - 2 scrolls of remove curse {unknown}
Potions
 d - 2 potions of might
 j - a potion of haste {unknown}
 k - a potion of flight {unknown}
 l - 3 potions of curing {unknown}
 s - a potion of magic {unknown}
Comestibles
 e - 3 bread rations
 r - 3 fruits


   Skills:
 + Level 3.4 Fighting
 + Level 2.0 Axes
 + Level 3.2 Armour
 + Level 0.5 Dodging
 + Level 3.0 Shields


You had 2 spell levels left.
You didn't know any spells.

Dungeon Overview and Level Annotations

Branches:
Dungeon (2/15)

Altars:

Annotations:
D:2 Terence


Innate Abilities, Weirdness & Mutations

You have a pair of horns on your head.


Message History

Terence is moderately wounded.
Terence closely misses you. Terence hits you but does no damage.
You are electrocuted!
You hit Terence but do no damage. You headbutt Terence, but do no damage.
Terence is moderately wounded.
Terence hits you but does no damage.
You hit Terence but do no damage.
Terence is moderately wounded.
Terence closely misses you.
You hit Terence. Your headbutt misses Terence.
Terence is heavily wounded.
Terence barely misses you.
You hit Terence.
Terence is severely wounded.
Terence hits you but does no damage.
You hit Terence.
Terence is severely wounded.
Terence hits you but does no damage.
You are electrocuted!
Ouch! That really hurt!
You die...

##### #...# #.♣.♣
#.#.# ####.♣@♣
#....@.# #.###♣.♣
#######.#..#.#
####..........♣.♣
.........#.##.#.#
####.###.#... #.#
# #.######.# #.#
#.# #.# #.#


You could see Terence.

Vanquished Creatures
  An adder (D:2)
  A gnoll (D:1)
  An ooze (D:1)
  A giant gecko (D:1)
  3 bats (D:1)
  A giant cockroach (D:1)
  3 goblins (D:1)
  3 hobgoblins (D:1)
  A kobold (D:1)
  2 giant newts (D:1)
  A quokka (D:2)
  A rat (D:1)
19 creatures vanquished.

Notes
Turn   | Place    | Note
--------------------------------------------------------------
     0 | D:1      | Malachi the Demonspawn Fighter began the quest for the Orb.
     0 | D:1      | Reached XP level 1. HP: 18/18 MP: 1/1
   102 | D:1      | Gained mutation: You have a pair of small horns on your head. [demonic ancestry]
   102 | D:1      | Reached XP level 2. HP: 16/24 MP: 2/2
   357 | D:1      | Gained mutation: You have a pair of horns on your head. [demonic ancestry]
   357 | D:1      | Reached XP level 3. HP: 27/29 MP: 3/3
   831 | D:2      | Noticed Terence
   839 | D:2      | Slain by Terence

Vault maps used:
D:1:      sevenhm_arrival_forest_fort_small_1
D:2:      serial_forest, infiniplex_forest_lined_2,
          infiniplex_forest_lined_room_2, infiniplex_forest_corner_1,
          infiniplex_forest_straight_2, infiniplex_forest_lined_room_2,
          infiniplex_forest_clump_small, first_bread, uniq_crazy_yiuf_cottage,
          uniq_terence

Action                   || total
-------------------------++-------
Melee: War axe           ||    55
